 Dungeon Crawl Stone Soup version 0.18.1-48-g4cf74bf (webtiles) character file.

2678 dvd the Geomancer (level 9, -14/66 HPs)
             Began as a Deep Dwarf Earth Elementalist on Aug 14, 2016.
             Was a Follower of Elyvilon.
             Demolished by a polar bear (20 damage)
             ... on level 9 of the Dungeon.
             The game lasted 00:30:18 (7139 turns).

dvd the Geomancer (Deep Dwarf Earth Elementalist)   Turns: 7139, Time: 00:30:19

Health: -14/66     AC: 11    Str: 12    XL:     9   Next: 37%
Magic:  2/17       EV: 14    Int: 18    God:    Elyvilon [*.....]
Gold:   359        SH:  0    Dex: 14    Spells: 4 memorised, 6 levels left

rFire  . . .     SeeInvis .     a - +2 mace (protect)
rCold  + . .     Gourm    .     B - +1 robe of Ylopneps {MR+}
rNeg   . . .     Faith    .     (no shield)
rPois  .         Spirit   .     (no helmet)
rElec  .         Dismiss  .     v - +1 cloak
rCorr  .         Reflect  .     n - +0 pair of gloves
SustAt .         Harm     .     (no boots)
MR     ++...                    (no amulet)
Stlth  +++.......               y - ring of wizardry
                                l - ring of protection from cold

@: protection, non-regenerating, very resistant to hostile enchantments, fairly
stealthy
A: damage resistance, recharge devices, frail 1, mutation resistance 1, sense
surroundings 2, slow regeneration 3
a: Device Recharging, Lesser Healing, Divine Protection, Renounce Religion


You were on level 9 of the Dungeon.
You worshipped Elyvilon.
Elyvilon was aware of your devotion.
You were not hungry.

You visited 2 branches of the dungeon, and saw 10 of its levels.

You collected 359 gold pieces.

Inventory:

Hand Weapons
 a - a +2 mace of protection (weapon)
 p - a +0 war axe
 w - a +1 halberd
 A - a +0 flail of protection
Missiles
 b - 72 stones (quivered)
 q - 13 tomahawks
Armour
 n - a +0 pair of gloves (worn)
 r - a +0 scale mail
 v - a +1 cloak (worn)
 B - the +1 robe of Ylopneps (worn) {MR+}
   (You found it on level 6 of the Dungeon)

   It affects your resistance to hostile enchantments.
Magical Staves
 D - an uncursed staff of energy
Jewellery
 e - an uncursed ring of protection from magic
 l - a ring of protection from cold (left hand)
 u - an uncursed ring of see invisible
 y - a ring of wizardry (right hand)
Wands
 d - a wand of heal wounds (3/9)
 k - a wand of confusion (6/48)
Scrolls
 i - 2 scrolls of remove curse
 j - 3 scrolls of teleportation
 m - a scroll of amnesia
 o - a scroll of identify
 s - a scroll of recharging
 C - a scroll of magic mapping
 E - a scroll of fear
 F - a scroll of enchant armour
Potions
 h - a potion of brilliance
 x - 4 potions of curing
 z - a potion of haste
Books
 c - a book of Geomancy

   Spells                             Type                      Level
   a - Sandblast                      Earth                        1
   b - Passwall                       Transmutation/Earth          2
   c - Stone Arrow                    Conjuration/Earth            3
   d - Petrify                        Transmutation/Earth          4
   e - Lee's Rapid Deconstruction     Earth                        5
Comestibles
 f - 6 bread rations
 g - 5 meat rations
 t - 5 fruits


   Skills:
 + Level 2.4 Fighting
 + Level 2.1(2.2) Axes
 + Level 0.6(1.3) Maces & Flails
 + Level 2.4 Armour
 + Level 4.5 Dodging
 + Level 4.6 Stealth
 + Level 5.8 Spellcasting
 + Level 0.8 Conjurations
 + Level 0.8 Transmutations
 + Level 9.4 Earth Magic
 * Level 2.9 Invocations
 * Level 6.4 Evocations


You had 6 spell levels left.
You knew the following spells:

 Your Spells              Type           Power        Failure   Level  Hunger
a - Sandblast             Erth           #####.       1%          1    None
b - Stone Arrow           Conj/Erth      ###...       1%          3    ##.....
c - Lee's Rapid Deconstr  Erth           #####.....   4%          5    #####..
d - Petrify               Trmt/Erth      ###.....     7%          4    ####...


Dungeon Overview and Level Annotations

Branches:
Dungeon (9/15)             Temple (1/1) D:6
   Lair: D:8-11         Orc: D:9-12

Altars:
Ashenzari
Cheibriados
Dithmenos
Elyvilon
Fedhas
Kikubaaqudgha
Nemelex Xobeh
Pakellas
Qazlal
Sif Muna
Trog
Xom
Yredelemnul
Zin
The Shining One
Lugonu


Innate Abilities, Weirdness & Mutations

You are resistant to damage.
You can recharge devices by infusing magical energy.
You passively map the area around you.
You do not regenerate naturally.
You are frail (-10% HP).
You are somewhat resistant to further mutation.


Message History

You beseech Elyvilon to protect your life.
The polar bear closely misses you. The polar bear claws you.
* * * LOW HITPOINT WARNING * * *
The polar bear misses you. x2
The polar bear claws you but does no damage. x2
Unknown command.
The polar bear barely misses you. The polar bear closely misses you.
The polar bear claws you but does no damage.
The polar bear closely misses you.
The polar bear claws you but does no damage. x2
The polar bear rages.
The crimson imp shouts, "Turn tail, thou foisting cabbage-coddling haggard!"
Found an escape hatch in the floor.
The polar bear bites you!! Elyvilon protects you from harm!
The polar bear misses you. The polar bear barely misses you.
The polar bear bites you. The polar bear closely misses you.
The polar bear claws you but does no damage.
The polar bear bites you!!
You die...

, , , * **8 * ,
, , , * * #.# *
, * * # * #.#
*** #. #># *, ,
8 , #.####.## +
≈ * * #.......#
* , ,
.###......#####,
, * _ ,
..........#@..+
, * * **
#......h.### ,
#....h.### * +
,, * * #..5...#
*.# ##.##### #.#
** #.# ##.. #.#
#.. #5### #.# *
#.#.# ##.######


You could see 2 polar bears and a crimson imp.

Vanquished Creatures
  Grinder (D:3)
  A hungry ghost (D:8)
  An orc warrior (D:8)
  2 sky beasts
  A black bear (D:7)
  3 ice beasts
  A wasp (D:7)
  4 ogres
  A centaur (D:6)
  A wyvern zombie (D:8)
  A scorpion (D:6)
  4 killer bees (D:8)
  A howler monkey (D:5)
  4 wights (D:8)
  2 crimson imps
  A centaur zombie (D:8)
  A giant frog zombie (D:5)
  A jelly (D:6)
  2 orc priests
  Crazy Yiuf (D:3)
  A gnoll shaman (D:7)
  Ijyb (D:2)
  A centaur skeleton (D:6)
  Natasha (thrice) (D:2)
  2 orc wizards (D:8)
  A worker ant (D:5)
  A hound zombie (D:5)
  A worker ant zombie (D:6)
  5 gnolls (D:7)
  7 adders
  A hound simulacrum (D:9)
  A shadow imp (D:7)
  A white imp (D:9)
  2 worms
  5 dart slugs
  6 giant geckos
  12 orcs
  4 giant cockroaches
  10 goblins
  4 hobgoblins
  6 jackals
  9 kobolds
  2 quokkas (D:4)
  A ball python (D:1)
  4 bats
  2 giant newts
  A quokka zombie (D:5)
  6 rats
  A fungus (D:3)
135 creatures vanquished.

Vanquished Creatures (others)
  A giant gecko skeleton (D:5)
1 creature vanquished.

Grand Total: 136 creatures vanquished

Notes
Turn   | Place    | Note
--------------------------------------------------------------
     0 | D:1      | dvd the Deep Dwarf Earth Elementalist began the quest for the Orb.
     0 | D:1      | Reached XP level 1. HP: 15/15 MP: 3/3
   192 | D:1      | Reached XP level 2. HP: 22/22 MP: 2/4
   975 | D:2      | Reached XP level 3. HP: 15/28 MP: 1/6
  1044 | D:2      | Noticed Natasha
  1051 | D:2      | Killed Natasha
  1074 | D:2      | Reached skill level 5 in Earth Magic
  1074 | D:2      | Reached XP level 4. HP: 36/36 MP: 3/7
  1165 | D:2      | Learned a level 3 spell: Stone Arrow
  1213 | D:2      | Noticed Ijyb
  1223 | D:2      | Killed Ijyb
  1459 | D:2      | Noticed Natasha
  1461 | D:2      | Killed Natasha
  1526 | D:2      | Reached XP level 5. HP: 43/43 MP: 1/9
  1612 | D:2      | Noticed Natasha
  1615 | D:2      | Killed Natasha
  1968 | D:3      | Found a sparkling altar of Nemelex Xobeh.
  2077 | D:3      | Noticed Grinder
  2084 | D:3      | Paralysed by Grinder for 4 turns
  2092 | D:3      | Killed Grinder
  2092 | D:3      | Reached skill level 1 in Fighting
  2092 | D:3      | Reached skill level 1 in Axes
  2092 | D:3      | Reached skill level 1 in Armour
  2092 | D:3      | Reached skill level 6 in Earth Magic
  2092 | D:3      | Reached XP level 6. HP: 51/51 MP: 3/11
  2213 | D:3      | Noticed Crazy Yiuf
  2220 | D:3      | Killed Crazy Yiuf
  3024 | D:4      | Gained mutation: You are somewhat resistant to further mutation. [potion of mutation]
  3146 | D:4      | Found a snail-covered altar of Cheibriados.
  3377 | D:4      | Found a sparkling altar of Nemelex Xobeh.
  3616 | D:5      | Entered Level 5 of the Dungeon
  3627 | D:5      | Reached XP level 7. HP: 21/57 MP: 8/12
  3661 | D:5      | Learned a level 5 spell: Lee's Rapid Deconstruction
  3675 | D:5      | Found a glowing golden altar of the Shining One.
  3884 | D:5      | Gained mutation: You are frail (-10% HP). [potion of mutation]
  3933 | D:5      | Reached skill level 1 in Evocations
  3967 | D:5      | Reached skill level 7 in Earth Magic
  4017 | D:5      | Found a stormy altar of Qazlal.
  4494 | D:6      | Got a bloodstained robe
  4505 | D:6      | Identified the +1 robe of Ylopneps {MR+} (You found it on level 6 of the Dungeon)
  4536 | D:6      | Noticed an angel
  4537 | D:6      | Found a glowing silver altar of Zin.
  4537 | D:6      | Found a shimmering altar of Xom.
  4602 | D:6      | Found a staircase to the Ecumenical Temple.
  4615 | Temple   | Entered the Ecumenical Temple
  4654 | Temple   | Became a worshipper of Elyvilon the Healer
  4805 | D:6      | Reached XP level 8. HP: 56/60 MP: 10/14
  5198 | D:7      | Reached skill level 8 in Earth Magic
  5418 | D:7      | Found an oddly glowing altar of Pakellas.
  5452 | D:7      | Paralysed by a wasp for 1 turns
  5455 | D:7      | Reached skill level 5 in Spellcasting
  5684 | D:8      | Learned a level 4 spell: Petrify
  5697 | D:8      | Reached * piety under Elyvilon
  5786 | D:8      | Reached skill level 1 in Invocations
  5952 | D:8      | Reached skill level 5 in Evocations
  6049 | D:8      | Gained mutation: You passively map the area around you. [Deep Dwarf growth]
  6049 | D:8      | Reached XP level 9. HP: 55/65 MP: 1/17
  6492 | D:8      | Reached skill level 9 in Earth Magic
  6816 | D:9      | Found a shattered altar of Ashenzari.
  6865 | D:9      | Noticed a polar bear
  6896 | D:9      | Noticed a polar bear
  7135 | D:9      | Elyvilon protects you from harm!
  7139 | D:9      | Demolished by a polar bear

Skill      XL: |  1  2  3  4  5  6  7  8  9 |
---------------+----------------------------+-----
Spellcasting   | 2 3 4 5 |  5.8
Stealth        | 3 4 |  4.6
Earth Magic    | 5 6 7 8 9 |  9.4
Fighting       | 1 2 |  2.4
Axes           | 1 2 |  2.1
Armour         | 1 2 |  2.4
Dodging        | 3 4 |  4.5
Evocations     | 3 5 6 |  6.4
Invocations    | 2 |  2.9
Maces & Flails | |  0.6
Conjurations   | |  0.8
Transmutations | |  0.8

Action                   |  1- 3 |  4- 6 |  7- 9 || total
-------------------------+-------+-------+-------++-------
Melee: Hand axe          |    13 |       |       ||    13
       War axe           |       |    70 |    22 ||    92
       Mace              |       |       |    24 ||    24
 Cast: Sandblast         |    33 |    51 |   101 ||   185
       Stone Arrow       |       |    13 |    19 ||    32
       Lee's Rapid Decon |       |       |    13 ||    13
Invok: Lesser Healing    |       |       |     6 ||     6
       Divine Protection |       |       |     1 ||     1
Evoke: Wand              |       |     1 |     9 ||    10
  Use: Potion            |     3 |     7 |     4 ||    14
       Scroll            |       |     5 |     5 ||    10
 Stab: Sleeping          |       |     1 |     4 ||     5
  Eat: Chunk             |     1 |    10 |     7 ||    18
       Meat ration       |       |       |     2 ||     2
Armor: Robe              |     4 |       |    57 ||    61
       Leather armour    |       |    24 |       ||    24
Dodge: Dodged            |    21 |    76 |   108 ||   205
